 Dungeon Crawl Stone Soup version 0.29-a0-330-g52719c12eb (webtiles) character file.

Game seed: 10941442576151868328

11387 HoaS the Sharpshooter (level 12, -4/80 HPs)
             Began as a Kobold Hunter on May 17, 2022.
             Was a Priest of Makhleb.
             Slain by an orc knight
             ... wielding a +3 vorpal halberd
              (26 damage)
             ... on level 10 of the Dungeon.
             The game lasted 00:17:40 (9388 turns).

HoaS the Sharpshooter (Kobold Hunter)               Turns: 9388, Time: 00:17:41

Health: -4/80      AC:  8    Str:  8    XL:     12   Next: 7%
Magic:  12/12      EV: 19    Int: 10    God:    Makhleb [***...]
Gold:   618        SH:  0    Dex: 27    Spells: 11/11 levels left

rFire   + + .      SeeInvis .   b - +9 arbalest of Recklessness {vorpal, rF+ rN+ Dex+3}
rCold   . . .      Faith    .   (shield currently unavailable)
rNeg    + + .      Spirit   .   s - +1 ring mail {rF+}
rPois   .          Reflect  .   d - +0 helmet
rElec   .          Harm     .   (no cloak)
rCorr   +          Rampage  +   (no gloves)
Will    .....                   (no boots)
Stlth   +++.......              o - amulet "Oshah" {Rampage rN+ Regen+}
HPRegen 1.03/turn               e - ring of resist corrosion
MPRegen 0.13/turn               (no ring)

@: no status effects
A: small, no large weapons, nightstalker 3
a: Renounce Religion, Minor Destruction, Lesser Servant of Makhleb


You were on level 10 of the Dungeon.
You worshipped Makhleb.
Makhleb was most pleased with you.
You visited 2 branches of the dungeon, and saw 11 of its levels.

You collected 618 gold pieces.

Inventory:

Hand Weapons
 b - the +9 arbalest of Recklessness (weapon) {vorpal, rF+ rN+ Dex+3}
   (You acquired it on level 3 of the Dungeon)

   Any ammunition fired from it inflicts extra damage upon your enemies.
   Dex:       It affects your dexterity (+3).
   rF:        It protects you from fire.
   rN:        It protects you from negative energy.
Armour
 d - a +0 helmet (worn)
 s - a +1 ring mail of fire resistance (worn)
Jewellery
 e - a ring of resist corrosion (left hand)
 o - the amulet "Oshah" (around neck) {Rampage rN+ Regen+}
   (You took it off an orc on level 6 of the Dungeon)

   [amulet of regeneration]

   rN:        It protects you from negative energy.
   Regen:     It increases your rate of health regeneration.
   Rampage:   It bestows one free step when moving towards enemies.
 w - a ring of see invisible
 x - a ring of magical power
Wands
 f - a wand of iceblast (8)
 k - a wand of polymorph (9)
 n - a wand of acid (14)
 q - a wand of charming (3)
 u - a wand of flame (9)
 v - a wand of mindburst (9)
Scrolls
 c - 4 scrolls of immolation
 g - a scroll of enchant weapon
 p - a scroll of teleportation
Potions
 a - 2 potions of flight
 h - 2 potions of haste
 i - a potion of invisibility
 j - 3 potions of mutation
 l - a potion of attraction
 m - a potion of lignification
 t - a potion of might


   Skills:
 * Level 11.1 Fighting
 - Level 16.0 Crossbows
 + Level 5.7 Armour
 + Level 8.8 Dodging
 - Level 1.3 Stealth


You had 11 spell levels left.
You didn't know any spells.
Your spell library contained the following spells:

 Spells                   Type           Power      Damage    Failure   Level
 Sandblast                Erth           0%         2d4       71%         1
 Summon Small Mammal      Summ           0%         N/A       71%         1
 Passwall                 Tmut/Erth      0%         N/A       83%         2
 Call Canine Familiar     Summ           0%         N/A       97%         3
 Stone Arrow              Conj/Erth      0%         3d7       97%         3
 Summon Guardian Golem    Hex/Summ       0%         N/A       97%         3
 Tukima's Dance           Hex            0%         N/A       97%         3
 Leda's Liquefaction      Hex/Erth       0%         N/A       100%        4
 Passage of Golubria      Tloc           0%         N/A       100%        4
 Alistair's Intoxication  Tmut/Pois      0%         N/A       100%        5
 Borgnjor's Vile Clutch   Necr/Erth      0%         N/A       100%        5
 Lee's Rapid Deconstruct  Erth           0%         3d5*      100%        5
 Yara's Violent Unravell  Hex/Tmut       0%         3d3       100%        5
 Eringya's Noxious Bog    Tmut/Pois      0%         N/A       100%        6
 Statue Form              Tmut/Erth      0%         N/A       100%        6


Dungeon Overview and Level Annotations

Branches:
Dungeon (10/15)            Temple (1/1) D:6            Lair (0/6) D:10
    Orc: D:9-12

Altars:
Ashenzari
Cheibriados
Dithmenos
Elyvilon
Fedhas
Gozag
Hepliaklqana
Kikubaaqudgha
Makhleb
Nemelex Xobeh
Okawaru
Qazlal
Ru
Sif Muna
Trog
Uskayaw
Vehumet
Wu Jian
Xom
Yredelemnul
Zin
The Shining One

Shops:
D:9 *

Annotations:
D:7 3 runed translucent doors, HoaS's ghost, novice GrHu


Innate Abilities, Weirdness & Mutations

You are small and have problems with some larger weapons.
You are completely attuned to the shadows.


Message History

The boulder beetle waves its antennae.
The boulder beetle completely misses you.
You shoot a bolt.
The bolt hits the boulder beetle but does no damage.
The boulder beetle is almost dead.
The orc knight hits you with a +3 vorpal halberd.
The boulder beetle leaps!
You shoot a bolt. The bolt barely misses the orc knight.
The orc knight hits you with a +3 vorpal halberd!!
You feel much better. The orc knight barely misses you.
The boulder beetle leaps!
You shoot a bolt.
The bolt hits the orc knight but does no damage.
The orc knight barely misses you.
You shoot a bolt. The bolt hits the boulder beetle.
The boulder beetle is almost dead.
The orc knight hits you with a +3 vorpal halberd!
The boulder beetle bites you but does no damage.
You shoot a bolt.
The bolt barely misses the boulder beetle.
The orc knight hits you with a +3 vorpal halberd!!
The boulder beetle barely misses you.
You shoot a bolt.
The bolt barely misses the boulder beetle.
The orc knight barely misses you. The boulder beetle bites you!!
* * * LOW HITPOINT WARNING * * *
The orc knight hits you with a +3 vorpal halberd.
* * * LOW HITPOINT WARNING * * *
x2 The boulder beetle closely misses you.
You are too injured to fight recklessly!
You feel much better. The orc knight closely misses you.
The boulder beetle bites you!!
Shoot: b) +9 arbalest of Recklessness {vorpal, rF+ rN+ Dex+3}
Press: ? - help, Q - select action, (/) - cycle Shift-Dir - straight line, f/p - boulder beetle
Aim: a boulder beetle (almost dead, 93% to hit)
You shoot a bolt.
The bolt hits the boulder beetle but does no damage.
The boulder beetle is almost dead.
The orc knight hits you with a +3 vorpal halberd!!
You die...

.###.†.....##...##.#.##
##.#
..........####..##..#.#
##.
#..##..##..##.####..#####
#. #..##..##.#...# ####
#..## ##.
...#...............
#...#####..
..#.###.####..####.##
#........## ....#...#
......#..###......###
...)).#.#
.####o.#..##....####
...)###.# ..°#@#.......##
....# #... #. #.B......##
....###... . #....#####
####.##.# #.#..# # ##.#.#
#..#..# # ##..# ...#..# #
##.#### ## #..... .##
##...##


You could see a boulder beetle and an orc knight.

Vanquished Creatures
  Urug (D:10)
  A komodo dragon (D:10)
  A kobold demonologist (D:7)
  A troll (D:9)
  2 hornets
  A shadow (D:10)
  3 wyverns
  2 wraiths
  21 yaks
  5 vampire mosquitoes
  An acid dragon (D:9)
  A water moccasin (D:10)
  An orc warrior (D:9)
  5 black bears
  2 ice beasts
  5 sky beasts
  4 ogres (D:5)
  3 centaurs
  2 phantoms
  A kobold brigand (D:8)
  7 bullfrogs
  2 necrophages
  8 scorpions
  A gnoll sergeant (D:10)
  5 wights (D:8)
  10 killer bees
  3 howler monkeys
  A troll skeleton (D:10)
  5 spriggan skeletons (D:10)
  5 hounds
  A jelly (D:6)
  5 orc priests
  2 iguanas
  7 orc wizards
  8 gnolls
  8 adders
  A shadow imp (D:7)
  A white imp (D:8)
  3 ufetubi
  A worm (D:5)
  A dart slug (D:3)
  23 orcs
  2 ball pythons (D:1)
  5 bats
  4 endoplasms
  A giant cockroach (D:2)
  12 goblins
  4 hobgoblins
  13 jackals
  2 quokkas (D:4)
  8 kobolds
  6 rats
228 creatures vanquished.

Vanquished Creatures (others)
  29 fungi (D:10)
  37 plants (D:10)
66 creatures vanquished.

Grand Total: 294 creatures vanquished

Notes
Turn   | Place    | Note
-------+----------+-------------------------------------------
     0 | D:1      | HoaS the Kobold Hunter began the quest for the Orb.
     0 | D:1      | Reached XP level 1. HP: 12/12 MP: 1/1
   150 | D:1      | Reached XP level 2. HP: 17/17 MP: 2/2
   155 | D:1      | Reached skill level 6 in Crossbows
   487 | D:1      | Reached XP level 3. HP: 21/21 MP: 3/3
   801 | D:1      | Found a faded altar of an unknown god.
  1838 | D:2      | Reached skill level 7 in Crossbows
  1838 | D:2      | Reached XP level 4. HP: 15/26 MP: 4/4
  2187 | D:3      | Identified a scroll of acquirement
  2187 | D:3      | Acquired the +9 arbalest of Recklessness {vorpal, rF+ rN+
                  | Dex+3}
  2281 | D:3      | Reached XP level 5. HP: 30/30 MP: 5/5
  2372 | D:3      | Reached skill level 8 in Crossbows
  3027 | D:4      | Reached skill level 9 in Crossbows
  3027 | D:4      | Reached XP level 6. HP: 35/35 MP: 6/6
  3235 | D:4      | Reached skill level 10 in Crossbows
  3280 | D:4      | Reached XP level 7. HP: 34/40 MP: 7/7
  3539 | D:4      | Reached skill level 11 in Crossbows
  3818 | D:5      | Entered Level 5 of the Dungeon
  3885 | D:5      | Noticed a hornet
  3887 | D:5      | Killed a hornet
  3888 | D:5      | Reached skill level 12 in Crossbows
  3888 | D:5      | Reached XP level 8. HP: 28/44 MP: 8/8
  4113 | D:5      | Reached skill level 13 in Crossbows
  4133 | D:5      | Reached skill level 14 in Crossbows
  4136 | D:5      | Reached XP level 9. HP: 11/48 MP: 9/9
  4157 | D:5      | Reached skill level 15 in Crossbows
  4161 | D:5      | Identified the ring of Nusuini {rElec rF+ Str-3 Int+2}
  4831 | D:6      | Reached skill level 16 in Crossbows
  5000 | D:6      | Found a staircase to the Ecumenical Temple.
  5007 | Temple   | Entered the Ecumenical Temple
  5763 | Temple   | Became a worshipper of Makhleb the Destroyer
  5838 | D:6      | Reached skill level 1 in Armour
  6025 | D:6      | Identified the amulet "Oshah" {Rampage rN+ Regen+}
  6325 | D:7      | Reached XP level 10. HP: 58/58 MP: 10/10
  6391 | D:7      | Reached skill level 5 in Fighting
  6558 | D:7      | Found a white marble altar of Elyvilon.
  6611 | D:7      | Reached * piety under Makhleb
  6682 | D:7      | Reached skill level 5 in Dodging
  6727 | D:7      | Noticed a kobold demonologist
  6731 | D:7      | Killed a kobold demonologist
  6732 | D:7      | Found a runed translucent gate.
  6734 | D:7      | Found a runed translucent gate.
  6735 | D:7      | Found a runed translucent gate.
  6846 | D:7      | Noticed HoaS's ghost (novice GrHu)
  6851 | D:7      | Identified the +7 chain mail of Inaction {rPois rF+}
  7449 | D:8      | Reached XP level 11. HP: 68/68 MP: 11/11
  7914 | D:9      | Found Peudejon's Gadget Gallery.
  7985 | D:9      | Reached ** piety under Makhleb
  8172 | D:9      | Reached skill level 5 in Armour
  8560 | D:10     | Entered Level 10 of the Dungeon
  8566 | D:10     | Noticed Urug
  8570 | D:10     | Killed Urug
  8571 | D:10     | Reached skill level 10 in Fighting
  8991 | D:10     | Found a staircase to the Lair.
  9086 | D:10     | Reached *** piety under Makhleb
  9092 | D:10     | Reached XP level 12. HP: 80/80 MP: 12/12
  9375 | D:10     | Noticed a boulder beetle
  9388 | D:10     | Slain by an orc knight

Illustrated notes

Levels and vault maps discovered:
D:1:      matt_arrival_spirals, layout_basic,
          hellmonk_ecumenical_altar_prayer_group, minmay_misc_feat_cross,
          minmay_stone_trees_medium, roderic_serpentine_path
D:2:      layout_basic
D:3:      layout_loops_ring
D:4:      layout_loops_cross, serial_bayou_pond_e
D:5:      minmay_clustersquares, layout_basic
D:6:      layout_gridville, minmay_temple_entry_arrows,
          dreamdust_princess_corridor
D:7:      layout_loops_ring, mainiacjoe_overflow_alcove_4,
          biasface_ghost_orc_armoury
D:8:      layout_rooms
D:9:      layout_roguey, grunt_decor_fettered, nicolae_shop_gadgets
D:10:     layout_layer_cave, due_lair_maze_entry_diamond, minivault_20,
          hangedman_tell_no_tales, uniq_urug
Temple:   mainiacjoe_temple_starburst

Skill      XL: |  1  2  3  4  5  6  7  8  9 10 11 |
---------------+----------------------------------+-----
Crossbows      | 6 7 9 10 12 14 16 | 16.0
Fighting       | 4 8 11 | 11.1
Dodging        | 4 6 8 |  8.8
Armour         | 1 4 5 |  5.7
Stealth        | |  1.3

Action                   |  1- 3 |  4- 6 |  7- 9 | 10-12 || total
-------------------------+-------+-------+-------+-------++-------
 Fire: Hand crossbow     |    73 |     2 |       |       ||    75
       Arbalest          |       |    44 |   113 |   250 ||   407
  Use: Scroll            |     3 |     8 |     6 |     5 ||    22
       Potion            |       |       |     1 |     2 ||     3
Armor: Ring mail         |    11 |     1 |     6 |    19 ||    37
Dodge: Dodged            |    23 |    19 |    29 |   122 ||   193

Table legend: (Time is in decaauts)
 A = Elapsed time spent in this place.
 B = Non-inter-level travel time spent in this place.
 C = Inter-level travel time spent in this place.
 D = Time resting spent in this place.
 E = Time spent auto-exploring this place.
 F = Levels seen in this place.
 G = Mean time per level.
                   A        B        C        D        E       F      G
               +--------+--------+--------+--------+--------+-----+--------+
         Total |   9518 |   9145 |    373 |    653 |   7279 |  11 |  865.3 |
       Dungeon |   8707 |   8430 |    277 |    653 |   6580 |  10 |  870.7 |
        Temple |    810 |    714 |     96 |      0 |    699 |   1 |  810.0 |
               +--------+--------+--------+--------+--------+-----+--------+

Top non-repeatable levels by time:
     D:2: 1153 daAuts
     D:1: 1049 daAuts
     D:5: 1041 daAuts
     D:7: 866 daAuts
     D:3: 844 daAuts
     D:9: 836 daAuts
    D:10: 827 daAuts
     D:4: 827 daAuts
  Temple: 810 daAuts
     D:6: 705 daAuts
     D:8: 554 daAuts
